 Dungeon Crawl Stone Soup version 0.30-a0-672-gc3a7216ad8 (webtiles) character file.

Game seed: 13516922417936351914

269 bmack86 the Chopper (level 6, 0/55 HPs)
             Began as a Minotaur Fighter on Jan 19, 2023.
             Killed by nerve-wracking pain
             ... invoked by Grinder
              (7 damage)
             ... while paralysed by Grinder
             ... on level 3 of the Dungeon.
             The game lasted 00:05:38 (2037 turns).

bmack86 the Chopper (Minotaur Fighter)              Turns: 2037, Time: 00:05:39

Health: 0/55       AC:  7    Str: 22    XL:     6   Next: 1%
Magic:  5/5        EV:  2    Int: 11    God:
Gold:   113        SH:  0    Dex: 10    Spells: 5/5 levels left

rFire   . . .      SeeInvis .    a - +0 war axe
rCold   . . .      Faith    .    c - +0 buckler
rNeg    . . .      Spirit   .    b - +0 scale mail
rPois   .          Reflect  .    (helmet restricted)
rElec   .          Harm     .    (no cloak)
rCorr   .          Rampage  .    (no gloves)
Will    .....                    (no boots) Stlth
                                 (no amulet)
HPRegen 0.29/turn                g - +6 ring of intelligence
MPRegen 0.09/turn                (no ring)

@: paralysed
A: horns 2, retaliatory headbutt
a: no special abilities


You were on level 3 of the Dungeon.
You visited 1 branch of the dungeon, and saw 3 of its levels.

You collected 113 gold pieces.

Inventory:

Hand Weapons
 a - a +0 war axe (weapon)
Missiles
 p - 4 atropa-tipped darts (quivered)
Armour
 b - a +0 scale mail (worn)
 c - a +0 buckler (worn)
Jewellery
 g - a +6 ring of intelligence (left hand)
Scrolls
 e - 3 scrolls of poison {unknown}
 h - 2 scrolls of fog
 i - 2 scrolls of enchant weapon {unknown}
 k - 3 scrolls of vulnerability {unknown}
 l - 2 scrolls of teleportation {unknown}
 m - 2 scrolls of fear {unknown}
 n - a scroll of torment {unknown}
 o - a scroll of immolation {unknown}
 q - a scroll of brand weapon {unknown}
Potions
 d - a potion of might
 f - a potion of haste
 j - 4 potions of curing


   Skills:
 + Level 4.8 Fighting
 * Level 5.0 Axes
 + Level 0.5 Throwing
 + Level 4.8 Armour
 + Level 4.8 Shields


You had 5 spell levels left.
You didn't know any spells.
Your spell library contained the following spells:

 Spells                   Type           Power      Damage    Failure   Level
 Apportation              Tloc           0%         N/A       75%         1
 Alistair's Intoxication  Tmut/Pois      0%         N/A       100%        5


Dungeon Overview and Level Annotations

Branches:
Dungeon (3/15)

Altars:

Annotations:
D:3 Grinder


Innate Abilities, Weirdness & Mutations

You have a pair of horns on your head.
You reflexively headbutt those who attack you in melee.


Message History

Grinder hits you.
You writhe in agony.
Grinder blinks!
Grinder blinks!
Things that are here:
a +0 club; a goblin corpse You see here a +0 hand axe.
Grinder gestures at you. Pain shoots through your body!
Grinder barely misses you.
You see here a +0 hand axe.
You closely miss Grinder.
Grinder is heavily wounded.
Grinder blinks!
Grinder says, "FISH!"
You see here a +0 hand axe.
Grinder gestures at you. Pain shoots through your body!
* * * LOW HITPOINT WARNING * * *
Grinder gestures at you. You resist with significant effort.
You hit Grinder but do no damage.
Grinder is heavily wounded.
Grinder blinks!
Grinder blinks!
Grinder blinks!
You start resting.
Grinder is nearby!
Grinder says, "There's only one good use for a tongue: cutting it out."
You block Grinder's attack. Grinder barely misses you. You furiously retaliate!
You headbutt Grinder! You closely miss Grinder.
Grinder is severely wounded.
Grinder drinks a potion.
Grinder is healed!
You slash Grinder! You headbutt Grinder.
Grinder is almost dead.
Grinder gestures at you.
You suddenly lose the ability to move!
Grinder hits you!
* * * LOW HITPOINT WARNING * * *
Grinder gestures at you. Pain shoots through your body!
You die...

#.##.# .....
#.##.#......
####.##.#..#...
#####.......#...$..
#........##........
#.###.#)..)........
###.###.#.###.##.####
....>..#5###.#
####.#....@....#
#..........#####
#.####...### ##.##
##.## #...###### ####
#......... ...#
#......... ..#
#.##........... ..#


You could see Grinder.

Vanquished Creatures
  Sigmund (D:2)
  Jessica (D:2)
  3 adders (D:3)
  A dart slug (D:1)
  2 endoplasms
  2 giant cockroaches
  7 goblins
  9 hobgoblins
  A jackal (D:2)
  A quokka (D:1)
  4 ball pythons
  2 bats (D:2)
  2 frilled lizards
  8 kobolds
  5 rats
49 creatures vanquished.

Notes
Turn   | Place    | Note
-------+----------+-------------------------------------------
     0 | D:1      | bmack86 the Minotaur Fighter began the quest for the Orb.
     0 | D:1      | Reached XP level 1. HP: 19/19 MP: 0/0
   194 | D:1      | Reached XP level 2. HP: 26/27 MP: 1/1
   199 | D:1      | Reached skill level 3 in Axes
   718 | D:2      | Noticed Sigmund
   731 | D:2      | Killed Sigmund
   732 | D:2      | Reached skill level 4 in Axes
   732 | D:2      | Reached XP level 3. HP: 19/34 MP: 2/2
   732 | D:2      | Reached XP level 4. HP: 23/41 MP: 3/3
   732 | D:2      | Reached XP level 5. HP: 26/47 MP: 4/4
  1158 | D:2      | Noticed Jessica
  1164 | D:2      | Killed Jessica
  1634 | D:3      | Reached skill level 5 in Axes
  1960 | D:3      | Reached XP level 6. HP: 51/55 MP: 5/5
  1978 | D:3      | Noticed Grinder
  2036 | D:3      | Paralysed by Grinder for 3 turns
  2037 | D:3      | Killed from afar by Grinder

Illustrated notes

Levels and vault maps discovered:
D:1:      saegor_arrival_under_anarchy, layout_rooms
D:2:      kb_forest_paths, layout_basic, uniq_jessica, uniq_sigmund
D:3:      layout_loops_cross, general_overflow_altar, uniq_grinder

Skill      XL: |  1  2  3  4  5 |
---------------+----------------+-----
Axes           | 4 5 |  5.0
Fighting       | 4 |  4.8
Armour         | 4 |  4.8
Shields        | 4 |  4.8
Throwing       | |  0.5

Action                   |  1- 3 |  4- 6 || total
-------------------------+-------+-------++-------
Melee: War axe           |    61 |    71 ||   132
       Headbutt          |     4 |     7 ||    11
  Use: Scroll            |     2 |       ||     2
Armor: Scale mail        |    30 |    29 ||    59
Dodge: Dodged            |    22 |    44 ||    66
Block: Buckler           |    10 |    16 ||    26

Table legend: (Time is in decaauts)
 A = Elapsed time spent in this place.
 B = Non-inter-level travel time spent in this place.
 C = Inter-level travel time spent in this place.
 D = Time resting spent in this place.
 E = Time spent auto-exploring this place.
 F = Levels seen in this place.
 G = Mean time per level.
                   A        B        C        D        E       F      G
               +--------+--------+--------+--------+--------+-----+--------+
         Total |   2082 |   1955 |    127 |    116 |   1263 |   3 |  694.0 |
       Dungeon |   2082 |   1955 |    127 |    116 |   1263 |   3 |  694.0 |
               +--------+--------+--------+--------+--------+-----+--------+

Top non-repeatable levels by time:
     D:2: 1127 daAuts
     D:1: 530 daAuts
     D:3: 425 daAuts
